 Dungeon Crawl Stone Soup version 0.30-a0-737-gf23d94013f (webtiles) character file.

Game seed: 9153764252431076087

573 holysushi the Slasher (level 7, -7/46 HPs)
             Began as an Octopode Monk on Feb 2, 2023.
             Was an Initiate of Gozag.
             Mangled by an ice beast (13 damage)
             ... on level 4 of the Dungeon.
             The game lasted 00:05:41 (3789 turns).

holysushi the Slasher (Octopode Monk)               Turns: 3789, Time: 00:05:41

Health: -7/46      AC:  1    Str: 10    XL:     7   Next: 34%
Magic:  7/7        EV: 13    Int: 12    God:    Gozag
Gold:   352        SH:  4    Dex: 17    Spells: 6/6 levels left

rFire   . . .      SeeInvis .    a - +0 falchion
rCold   . . .      Faith    .    h - +0 buckler
rNeg    . . .      Spirit   .    (helmet restricted)
rPois   .          Reflect  .    (no amulet)
rElec   .          Harm     .    (no ring)
rCorr   .          Rampage  .    (no ring)
Will    .....                    (no ring)
Stlth   +++                      (no ring)
HPRegen 0.27/turn                (no ring)
MPRegen 0.10/turn                (no ring)
                                 (no ring)
                                 (no ring)

@: mighty, gold aura
A: almost no armour, amphibious, 8 rings, camouflage 1, gelatinous body 1,
(nimble swimmer 1), tentacles
a: Renounce Religion, Potion Petition, Call Merchant, Bribe Branch


You were on level 4 of the Dungeon.
You worshipped Gozag.
Gozag was aware of your devotion.
You visited 2 branches of the dungeon, and saw 5 of its levels.

You collected 352 gold pieces.

Inventory:

Hand Weapons
 a - a +0 falchion (weapon)
Armour
 g - a +0 kite shield
 h - a +0 buckler (worn)
Jewellery
 f - a ring of protection from cold
Scrolls
 e - 4 scrolls of identify
Potions
 c - 2 potions of attraction
 d - a potion of brilliance


   Skills:
 - Level 3.0 Fighting
 + Level 7.9 Long Blades
 - Level 3.0 Dodging
 - Level 2.9 Stealth
 - Level 1.3 Shields


You had 6 spell levels left.
You didn't know any spells.
Your spell library contained the following spells:

 Spells                   Type           Power      Damage    Failure   Level
 Apportation              Tloc           0%         N/A       41%         1
 Necrotise                Necr           0%         1d4       41%         1
 Summon Small Mammal      Summ           0%         N/A       41%         1


Dungeon Overview and Level Annotations

Branches:
Dungeon (4/15) Zot: 20342  Temple (1/1) D:4 Zot: 5852

Altars:
Ashenzari
Cheibriados
Elyvilon
Gozag
Hepliaklqana
Makhleb
Okawaru
Trog
Uskayaw
The Shining One

Annotations:
D:3 exclusion: ogre


Innate Abilities, Weirdness & Mutations

You cannot wear most types of armour.
You are amphibious.
You can wear up to eight rings at the same time.
Your skin changes colour to match your surroundings (Stealth+).
Your rubbery body absorbs attacks. (AC +1, EV +1)
((You are camouflaged when in or above water. (Stealth+)))
You have tentacles for arms and can constrict up to eight enemies at once.


Message History

You hit the adder but do no damage.
The adder is severely wounded.
You constrict the adder.
You kill the adder!
You barely miss the endoplasm. The endoplasm freezes you.
You are frozen.
You hit the endoplasm but do no damage. You squeeze the endoplasm.
The endoplasm is heavily wounded.
The endoplasm freezes you.
You are frozen.
You barely miss the endoplasm.
The endoplasm is heavily wounded.
The endoplasm is distracted by your dazzling golden aura.
The endoplasm quivers.
You hit the endoplasm but do no damage.
The endoplasm is no longer distracted by gold.
The endoplasm is heavily wounded.
The endoplasm freezes you.
You are frozen.
You hit the endoplasm.
The endoplasm is almost dead.
The endoplasm freezes you.
You are frozen.
You hit the endoplasm but do no damage. You tentacle-slap the endoplasm.
You kill the endoplasm!
You hit the ice beast.
The ice beast is moderately wounded.
The ice beast hits you. The ice beast freezes you!
* * * LOW HITPOINT WARNING * * *
You barely miss the ice beast.
The ice beast is moderately wounded.
Okay, then.
Okay, then.
You feel very mighty all of a sudden. The ice beast hits you.
* * * LOW HITPOINT WARNING * * *
The ice beast freezes you!
You die...
Your body crumbles into a pile of gold.

####.#......#####'#####
#.#....
#.########.........#####.#....
#.# #.8..8..8.#.....#.... #.#
#.........####....... #.#
####'##'##'## ##.##.... #.#
#.###..#..## #..##.... #.#
####.###.##...####........ #.#
#....#..#.##...##...##.... #.#
#.#..##.#@.##..#...###...#
#.###.#..###Y##'##'#..## #####
#........# ##......#..# #.
#...>....# #......#..## #.
#.....<#.# #J.....#...## #.
#......#.#...###...##.).######
#......#.#.Y. #...#..)....# #
#......).#... #gS.#.).....#
#........#... .####.......#


You could see an ice beast.

Vanquished Creatures
  2 phantoms
  2 scorpions (D:4)
  A hound (D:3)
  A jelly (D:4)
  2 iguanas (D:4)
  An orc wizard (D:4)
  4 gnolls (D:4)
  6 adders
  A worm (D:2)
  2 dart slugs (D:2)
  5 orcs
  6 ball pythons
  6 bats
  9 endoplasms
  4 goblins
  5 hobgoblins
  4 jackals (D:2)
  5 quokkas
  A frilled lizard (D:1)
  6 kobolds
  8 rats
81 creatures vanquished.

Vanquished Creatures (others)
  6 plants (D:4)
6 creatures vanquished.

Grand Total: 87 creatures vanquished

Notes
Turn   | Place    | Note
-------+----------+-------------------------------------------
     0 | D:1      | holysushi the Octopode Monk began the quest for the Orb.
     0 | D:1      | Reached XP level 1. HP: 16/16 MP: 1/1
   101 | D:1      | You fall into a shaft and drop 1 floor!
   121 | D:2      | Reached XP level 2. HP: 18/21 MP: 2/2
   739 | D:1      | Reached XP level 3. HP: 26/26 MP: 3/3
  1017 | D:2      | Reached skill level 4 in Long Blades
  1182 | D:2      | Reached skill level 1 in Shields
  1290 | D:2      | Reached XP level 4. HP: 27/31 MP: 4/4
  1746 | D:3      | Noticed a phantom
  1771 | D:3      | Killed a phantom
  1772 | D:3      | Reached skill level 5 in Long Blades
  1772 | D:3      | Reached XP level 5. HP: 21/36 MP: 5/5
  1884 | D:3      | Noticed an ogre
  2304 | D:4      | Reached skill level 6 in Long Blades
  2378 | D:4      | Reached XP level 6. HP: 26/42 MP: 6/6
  2513 | D:4      | Reached skill level 7 in Long Blades
  2689 | D:4      | Found a staircase to the Ecumenical Temple.
  2781 | Temple   | Entered the Ecumenical Temple
  2897 | Temple   | Became a worshipper of Gozag Ym Sagoz the Greedy
  3198 | D:4      | Reached XP level 7. HP: 39/46 MP: 7/7
  3706 | D:4      | Found a hazy altar of Hepliaklqana.
  3789 | D:4      | Mangled by an ice beast

Illustrated notes

Levels and vault maps discovered:
D:1:      grunt_arrival_crossed_arrows, layout_basic
D:2:      layout_basic, serial_park_tiny_pond
D:3:      minmay_spotlight, layout_rooms
D:4:      minmay_chambers_of_threes, layout_rooms, lemuel_round_altar,
          minmay_temple_entry_enclosed_plants
Temple:   hellmonk_temple_beads

Skill      XL: |  1  2  3  4  5  6 |
---------------+-------------------+-----
Long Blades    | 4 5 6 7 |  7.9
Shields        | 1 |  1.3
Fighting       | |  3.0
Dodging        | |  3.0
Stealth        | |  2.9

Action                     |  1- 3 |  4- 6 |  7- 9 || total
---------------------------+-------+-------+-------++-------
  Melee: Falchion          |    60 |   132 |    30 ||   222
         Tentacles         |    13 |    24 |     9 ||    46
         Constrict         |    11 |    21 |     9 ||    41
         Punch             |     1 |       |     3 ||     4
    Use: Scroll            |     4 |     3 |     1 ||     8
         Potion            |       |     3 |     5 ||     8
   Stab: Sleeping          |    16 |    11 |       ||    27
         Distracted        |       |     1 |       ||     1
 Armour: Skin              |     6 |    54 |       ||    60
  Dodge: Dodged            |    30 |    43 |    26 ||    99
  Block: Buckler           |     4 |    27 |     3 ||    34

Table legend: (Time is in decaauts)
 A = Elapsed time spent in this place.
 B = Non-inter-level travel time spent in this place.
 C = Inter-level travel time spent in this place.
 D = Time resting spent in this place.
 E = Time spent auto-exploring this place.
 F = Levels seen in this place.
 G = Mean time per level.
                   A        B        C        D        E       F      G
               +--------+--------+--------+--------+--------+-----+--------+
         Total |   3804 |   3585 |    219 |    671 |   2067 |   5 |  760.8 |
       Dungeon |   3656 |   3489 |    167 |    671 |   1982 |   4 |  914.0 |
        Temple |    147 |     95 |     52 |      0 |     85 |   1 |  147.0 |
               +--------+--------+--------+--------+--------+-----+--------+

Top non-repeatable levels by time:
     D:4: 1267 daAuts
     D:1: 952 daAuts
     D:2: 790 daAuts
     D:3: 646 daAuts
  Temple: 147 daAuts
